 Dungeon Crawl Stone Soup version 0.30.0-5-g1a98f26d00 (webtiles) character file.

Game seed: 11878586661582024848

236 Pimp the Covered (level 6, -1/38 HPs)
             Began as a Tengu Fighter on May 11, 2023.
             Splashed by a jelly's acid (3 damage)
             ... on level 4 of the Dungeon.
             The game lasted 00:06:26 (2442 turns).

Pimp the Covered (Tengu Fighter)                    Turns: 2442, Time: 00:06:26

Health: -1/38      AC:  5    Str: 16    XL:     6   Next: 6%
Magic:  7/7        EV:  8    Int:  8    God:
Gold:   231        SH:  5    Dex: 16    Spells: 5/5 levels left

rFire   . . .        a - +0 long sword
rCold   . . .        c - +0 buckler
rNeg    . . .        d - +3 chain mail
rPois   .            (helmet restricted)
rElec   .            e - +0 cloak
rCorr   .            (no gloves)
SInv    .            (boots unavailable)
Will    .....        g - amulet of magic regeneration Stlth
                     (no ring)
HPRegen 0.26/turn    (no ring)
MPRegen 0.50/turn

%: no passive effects
@: corroded, flying quickly and evasively, quick
A: beak, talons 3, nimble flight
a: no special abilities


You were on level 4 of the Dungeon.
You visited 1 branch of the dungeon, and saw 4 of its levels.

You collected 231 gold pieces.

Inventory:

Hand Weapons
 a - a +0 long sword (weapon)
Armour
 b - a +0 scale mail
 c - a +0 buckler (worn)
 d - a +3 chain mail (worn)
 e - a +0 cloak (worn)
Magical Staves
 t - a staff of air
Jewellery
 g - an amulet of magic regeneration (around neck)
 p - a ring of ice
Wands
 r - a wand of iceblast (8)
 u - a wand of mindburst (7)
Scrolls
 f - a scroll of noise {unknown}
 h - a scroll of fog {unknown}
 k - 5 scrolls of identify {unknown}
 l - a scroll of immolation {unknown}
 m - a scroll of blinking {unknown}
 n - a scroll of summoning {unknown}
 q - 2 scrolls of amnesia {unknown}
 s - 3 scrolls of teleportation {unknown}
Potions
 j - a potion of heal wounds {unknown}
 o - a potion of attraction {unknown}


   Skills:
 + Level 4.1 Fighting
 + Level 3.8 Long Blades
 + Level 4.6 Armour
 + Level 4.1 Shields


You had 5 spell levels left.
You didn't know any spells.
Your spell library contained the following spells:

 Spells                   Type           Power      Damage    Failure   Level
 Slow                     Hex            0%         N/A       99%         1
 Confusing Touch          Hex            0%         N/A       100%        3
 Vampiric Draining        Necr           0%         2d6       100%        3


Dungeon Overview and Level Annotations

Branches:
Dungeon (4/15)
 Temple: D:4-7

Altars:
Elyvilon
Vehumet
Yredelemnul
The Shining One


Innate Abilities, Weirdness & Mutations

You have a beak for a mouth.
You have claws for feet.
Your magical nature lets you fly swiftly and evasively.


Message History

Found a scroll labelled KYRI AXKAZXOPH.
Found a stone staircase leading down.
An orc comes into view. It is wielding a +0 club.
The orc shouts!
A jelly comes into view.
The jelly quivers.
You see here 2 fuming white potions.
You see here a +0 chain mail.
The orc hits you but does no damage.
You hit the orc. Your kick misses the orc.
The orc is almost dead.
The orc hits you but does no damage.
You slash the orc!
You kill the orc!
You see here a scroll labelled KYRI AXKAZXOPH.
s - 3 scrolls labelled KYRI AXKAZXOPH (gained 1)
The jelly hits you. The acid corrodes you!
You are splashed with acid!
There is a stone staircase leading down here.
The jelly closely misses you.
You hit the jelly.
Your hands burn!
The jelly is moderately wounded.
You block the jelly's attack.
You hit the jelly.
Your hands burn!
You claw the jelly, but do no damage.
The jelly is heavily wounded.
The jelly barely misses you. The jelly hits you but does no damage.
You hit the jelly.
Your hands burn!
You claw the jelly. You peck the jelly, but do no damage.
The jelly is heavily wounded.
The jelly hits you but does no damage.
You hit the jelly but do no damage. The acid corrodes you!
Your hands burn!
The jelly is heavily wounded.
The jelly hits you. The acid corrodes you!
You are splashed with acid!
* * * LOW HITPOINT WARNING * * *
You barely miss the jelly. You peck the jelly, but do no damage.
The jelly is heavily wounded.
The jelly hits you.
* * * LOW HITPOINT WARNING * * *
You are splashed with acid!
* * * LOW HITPOINT WARNING * * *
You hit the jelly but do no damage.
Your hands burn!
You die...

#.....# #.....# .. #.....#
#.....# ... #.....# #.....#
.... #.....# #.....#
....######.....#...#.....#
#.............#...#.....##
#.........)...#...######@.
#.....[..J....#........#..
#.....![.@>...#........#..
#.............+........#(.
+.............#........#..
...............#.....<..#..
..#....##..#####...###)##..
. #.##.........'...#.......
.......##....######.......
.##..#.......#............
...#.##....#............


You could see a jelly.

Vanquished Creatures
  Edmund (D:4)
  7 adders
  A shadow imp (D:3)
  A dart slug (D:2)
  2 worms (D:2)
  An orc (D:4)
  5 ball pythons
  An endoplasm (D:3)
  4 giant cockroaches
  11 goblins
  6 hobgoblins
  4 jackals (D:1)
  3 kobolds (D:1)
  A quokka (D:1)
  4 bats
  A frilled lizard (D:3)
  4 rats
57 creatures vanquished.

Notes
Turn   | Place    | Note
-------+----------+-------------------------------------------
     0 | D:1      | Pimp the Tengu Fighter began the quest for the Orb.
     0 | D:1      | Reached XP level 1. HP: 14/14 MP: 2/2
    87 | D:1      | Reached XP level 2. HP: 19/19 MP: 3/3
   253 | D:1      | Reached XP level 3. HP: 22/23 MP: 4/4
  1114 | D:2      | Reached XP level 4. HP: 22/28 MP: 5/5
  1501 | D:3      | Found a radiant altar of Vehumet.
  1501 | D:3      | Found a white marble altar of Elyvilon.
  1504 | D:3      | Found a glowing golden altar of the Shining One.
  1616 | D:3      | Found a faded altar of an unknown god.
  1661 | D:3      | Gained mutation: Your magical nature lets you fly swiftly
                  | and evasively. [Tengu growth]
  1661 | D:3      | Reached XP level 5. HP: 28/33 MP: 6/6
  1988 | D:3      | Found a basalt altar of Yredelemnul.
  2270 | D:4      | Noticed Edmund
  2319 | D:4      | Killed Edmund
  2320 | D:4      | Reached XP level 6. HP: 14/38 MP: 7/7
  2442 | D:4      | Splashed by a jelly's acid

Illustrated notes

Levels and vault maps discovered:
D:1:      beargit_arrival_greenhouse, layout_loops_ring
D:2:      layout_basic
D:3:      layout_loops_ring, general_overflow_altar,
          nicolae_overflow_hidden_temple, chequers_ecumenical_altar_island,
          roderic_serpentine_path
D:4:      layout_gridville, minmay_temple_entry_ruins, uniq_blork_the_orc,
          uniq_edmund

Skill      XL: |  1  2  3  4  5 |
---------------+----------------+-----
Long Blades    | 3 |  3.8
Armour         | 4 |  4.6
Fighting       | 4 |  4.1
Shields        | 4 |  4.1

Action                     |  1- 3 |  4- 6 || total
---------------------------+-------+-------++-------
  Melee: Long sword        |    74 |    81 ||   155
         Kick              |    10 |    17 ||    27
         Peck              |     9 |    15 ||    24
    Use: Potion            |       |     3 ||     3
 Armour: Scale mail        |    37 |    35 ||    72
         Chain mail        |       |     4 ||     4
  Dodge: Dodged            |    30 |    38 ||    68
  Block: Buckler           |    14 |    19 ||    33
